 Dungeon Crawl Stone Soup version 0.27.0-1-g7a089689b8 (webtiles) character file.

Game seed: 16679614951423375863

21 sanka the Shield-Bearer (level 3, 0/30 HPs)
             Began as a Djinni Fighter on Aug 5, 2021.
             Slain by a gnoll (6 damage)
             ... on level 2 of the Dungeon.
             The game lasted 00:01:07 (1065 turns).

sanka the Shield-Bearer (Djinni Fighter)            Turns: 1065, Time: 00:01:08

Health: 0/30       AC:  6    Str: 15    XL:     3   Next: 2%
Gold:   43         EV:  6    Int: 10    God:
                   SH:  9    Dex: 18

rFire    + + .     SeeInvis .   a - +0 long sword
rCold    x . .     Faith    .   c - +0 kite shield
rNeg     . . .     Spirit   .   b - +0 scale mail
rPois    ∞         Reflect  .   (no helmet)
rElec    .         Harm     .   (no cloak)
rCorr    .         Rampage  .   (no gloves)
Will     .....                  (boots unavailable)
Stlth    ..........             (no amulet)
HPRegen  0.10/turn              (no ring)
MPRegen  0.00/turn              f - +6 ring of dexterity

@: flying
A: sickness immunity, fire resistance 2, cold vulnerability 1, float, innate
caster, hp casting, extra vitality 1
a: no special abilities


You were on level 2 of the Dungeon.
You visited 1 branch of the dungeon, and saw 3 of its levels.

You collected 43 gold pieces.


Innate Abilities, Weirdness & Mutations

You are immune to sickness and miasma.
You are immune to poison.
Your flesh is very heat resistant. (rF++)
You are vulnerable to cold. (rC-)
You float through the air rather than walking.
You learn spells naturally, not from books.
Your magical power is your life essence.
You have superior vitality. (+4 HP)


   Skills:
 - Level 3.0 Fighting
 - Level 3.0 Long Blades
 - Level 3.0 Armour
 - Level 3.0 Shields
 + Level 0.0 Spellcasting


You had one spell level left.
You knew the following spells:

 Your Spells              Type           Power      Damage    Failure   Level
z - Pain                  Necr           0%         1d4       100%        1
Your spell library was empty.

Inventory:

Hand Weapons
 a - a +0 long sword (weapon)
Armour
 b - a +0 scale mail (worn)
 c - a +0 kite shield (worn)
Magical Staves
 j - a staff of poison
Jewellery
 f - a +6 ring of dexterity (right hand)
Scrolls
 e - a scroll of enchant armour {unknown}
 g - a scroll of fog {unknown}
 i - a scroll of identify {unknown}
 k - a scroll of blinking {unknown}
Potions
 d - a potion of might
 h - a potion of curing {unknown}
 l - a potion of heal wounds {unknown}

Dungeon Overview and Level Annotations

Branches:
Dungeon (3/15)

Altars:
Fedhas

▒+▒▒ ▒▒...▒▒
▒▒.....▒▒
▒▒.......▒▒
...▒.▒▒.........▒
......'Rgg......+
....J▒▒hg.......▒
... ▒▒.>.....▒ .
▒▒.....▒▒ ▒▒...▒▒
▒+▒▒


You could see 3 gnolls, an endoplasm and a jackal.


Message History

Your Long Blades skill increases to level 3!
You need to enable at least one skill for training.
You have reached level 3!
Your experience leads to an increase in your attributes!
Your base attributes are Str 15, Int 9, Dex 12.
Increase (s)trength, (i)ntelligence, or (d)exterity?
You feel clever.
The power to cast Pain wells up from within.
Spell assigned to 'z'.
The jackal bites you but does no damage.
The jackal barely misses you.
You riposte.
You closely miss the jackal. You block the jackal's attack.
There is a stone staircase leading up here.
The jackal bites you but does no damage.
The jackal bites you but does no damage.
You fly upwards.
The gnoll shouts! 2 gnolls come into view.
The gnoll hits you with a +0 club.
There is a stone staircase leading down here.
You block the jackal's attack.
You reach down and open the door.
An endoplasm comes into view.
The jackal bites you but does no damage.
The gnoll hits you from afar with a +0 halberd!
* * * LOW HITPOINT WARNING * * *
The gnoll hits you with a +0 club.
You die...

Action                   || total
-------------------------++-------
Melee: Long sword        ||    41
Armor: Scale mail        ||    39
Dodge: Dodged            ||    12
Block: Kite shield       ||    31
       Rpst.: Long sword ||     5

Levels and vault maps discovered:
D:1:      wander_arrival_fairy_ring, layout_loops_ring
D:2:      layout_loops_corners, shapermc_ecumenical_altar_petra, basic_altar
D:3:      layout_basic, cheibriados_altar_1, uniq_grinder

Notes
Turn   | Place    | Note
-------+----------+-------------------------------------------
     0 | D:1      | sanka the Djinni Fighter began the quest for the Orb.
     0 | D:1      | Reached XP level 1. HP: 20/20 MP: 0/0
    52 | D:1      | Reached skill level 2 in Long Blades
   123 | D:1      | Reached XP level 2. HP: 16/25 MP: 0/0
   891 | D:2      | Found a blossoming altar of Fedhas.
  1020 | D:2      | You are sucked into a shaft and drop 1 floor!
  1055 | D:3      | Reached skill level 3 in Long Blades
  1055 | D:3      | Reached XP level 3. HP: 19/30 MP: 0/0
  1055 | D:3      | Learned a level 1 spell: Pain
  1065 | D:2      | Slain by a gnoll

Vanquished Creatures
  A dart slug (D:3)
  A bat (D:1)
  4 endoplasms
  A giant cockroach (D:3)
  A goblin (D:1)
  A hobgoblin (D:1)
  3 ball pythons
  A frilled lizard (D:1)
  A kobold (D:2)
  4 rats (D:1)
18 creatures vanquished.
